 Dungeon Crawl Stone Soup version 0.26.1-10-gdfb7c7de75 (webtiles) character file.

Game seed: 608848193311955152

24985 Phaedo the Spear-Bearer (level 13, -7/90 HPs)
             Began as an Octopode Delver on Apr 7, 2021.
             Was an Elder of Sif Muna.
             Mangled by a polar bear (18 damage)
             ... on level 4 of the Lair of Beasts.
             The game lasted 00:58:58 (26241 turns).

Phaedo the Spear-Bearer (Octopode Delver)          Turns: 26241, Time: 00:58:59

Health: -7/90      AC:  2    Str: 12    XL:     13   Next: 16%
Magic:  0/31       EV: 24    Int: 16    God:    Sif Muna [****..]
Gold:   1030       SH:  0    Dex: 14    Spells: 12/12 levels left

rFire    + + +     SeeInvis .   a - +5 trident
rCold    . . .     Faith    .   J - +1 buckler {reflect}
rNeg     + + .     Spirit   +   j - +1 hat of Refuge {rN++}
rPois    +         Reflect  +   V - amulet of Secrets {Spirit rPois rF+ Will- MP+9}
rElec    .         Harm     .   z - +4 ring of evasion
rCorr    +         Rampage  .   I - ring of magical power
Will     +....                  m - ring of stealth
Stlth    ++++......             A - ring of protection from fire
HPRegen  0.25/turn              N - ring of willpower
MPRegen  0.22/turn              Q - ring of resist corrosion
                                M - ring of willpower
                                w - ring of protection from fire

@: confused
A: almost no armour, stealthy swim, amphibious, 8 rings, constrict 8, camouflage
1, gelatinous body 1
a: Renounce Religion, Channel Magic, Forget Spell, Divine Exegesis


You were on level 4 of the Lair of Beasts.
You worshipped Sif Muna.
Sif Muna was greatly pleased with you.
You visited 2 branches of the dungeon, and saw 17 of its levels.
You also visited: Bailey.

You collected 1219 gold pieces.
You spent 189 gold pieces at shops.

Inventory:

Hand Weapons
 a - a +5 trident (weapon)
 b - a +0 hunting sling
 P - a +0 hand crossbow
Missiles
 g - 511 stones
 h - 107 sling bullets
 p - 329 arrows
 u - 65 poisoned darts (quivered)
 W - 131 bolts
Armour
 j - the +1 hat of Refuge (worn) {rN++}
   (You found it on level 10 of the Dungeon)

   It greatly protects you from negative energy.
 J - a +1 buckler of reflection (worn)
 Z - a +0 hat of willpower
Jewellery
 m - a ring of stealth (on tentacle)
 s - an uncursed ring of poison resistance
 t - an uncursed ring of fire
 w - a ring of protection from fire (on tentacle)
 z - a +4 ring of evasion (left tentacle)
 A - a ring of protection from fire (on tentacle)
 I - a ring of magical power (right tentacle)
 K - an uncursed ring of fire
 L - an uncursed amulet of the acrobat {unknown}
 M - a ring of willpower (on tentacle)
 N - a ring of willpower (on tentacle)
 Q - a ring of resist corrosion (on tentacle)
 T - an uncursed amulet of magic regeneration
 V - the amulet of Secrets (around mantle) {Spirit rPois rF+ Will- MP+9}
   (You found it on level 1 of the Lair of Beasts)

   [amulet of guardian spirit]

   It causes incoming damage to be split between your health and magic.
   It protects you from fire.
   It protects you from poison.
   It affects your willpower, your defense against some magical effects.
   It affects your magic capacity (+9).
Wands
 f - a wand of digging (11)
 F - a wand of acid (6)
 R - a wand of disintegration (15)
 X - a wand of enslavement (4)
 Y - a wand of flame (15)
Scrolls
 c - a scroll of magic mapping
 d - 3 scrolls of fear
 i - a scroll of torment
 k - 4 scrolls of blinking
 l - 3 scrolls of enchant armour
 n - 5 scrolls of remove curse
 q - 4 scrolls of fog
 D - 3 scrolls of teleportation
 O - a scroll of random uselessness {unknown}
Potions
 e - 3 potions of haste
 o - 3 potions of flight
 r - 2 potions of mutation
 v - a potion of attraction
 x - 3 potions of brilliance
 B - 4 potions of invisibility
 C - 3 potions of resistance
 G - 5 potions of cancellation
 H - 2 potions of curing
 S - a potion of ambrosia
 U - 2 potions of berserk rage
Miscellaneous
 y - a condenser vane (inert)


   Skills:
 + Level 9.3 Fighting
 * Level 13.7 Polearms
 + Level 11.2 Dodging
 - Level 12.0 Stealth
 - Level 4.0 Shields
 + Level 4.3 Evocations


You had 12 spell levels left.
You didn't know any spells.
Your spell library contained the following spells:

 Spells                   Type           Power        Failure   Level
 Apportation              Tloc           0%           26%         1
 Corona                   Hex            0%           26%         1
 Magic Dart               Conj           0%           26%         1
 Sandblast                Erth           0%           26%         1
 Sting                    Tmut/Pois      0%           26%         1
 Blink                    Tloc           N/A          36%         2
 Call Imp                 Summ           0%           36%         2
 Ensorcelled Hibernation  Hex/Ice        0%           36%         2
 Slow                     Hex            0%           36%         2
 Confusing Touch          Hex            0%           58%         3
 Conjure Flame            Conj/Fire      0%           58%         3
 Dazzling Flash           Conj/Hex       0%           58%         3
 Gell's Gravitas          Tloc           0%           58%         3
 Mephitic Cloud           Conj/Pois/Air  0%           58%         3
 Teleport Other           Tloc           0%           58%         3
 Tukima's Dance           Hex            0%           58%         3
 Leda's Liquefaction      Hex/Erth       0%           94%         4
 Petrify                  Tmut/Erth      0%           94%         4


Dungeon Overview and Level Annotations

Branches:
Dungeon (11/15)            Temple (0/1) D:7            Lair (6/6) D:8
  Swamp (0/4) Lair:4        Snake (0/4) Lair:4        Slime (0/5) Lair:6
 Bailey (visited)
    Orc: D:9-12

Altars:
Cheibriados
Fedhas
Ru
Sif Muna
Trog
Xom

Shops:
D:7 [

Annotations:
D:6 exclusions: orc, orc priest and orc warrior
D:9 3 runed translucent doors, KamiKatze's ghost, novice MfIE
D:11 3 runed translucent doors, Paulthewizard's ghost, journeyman TeCj
Lair:3 exclusion: oklob plant
Lair:4 2 exclusions


Innate Abilities, Weirdness & Mutations

You cannot wear most types of armour.
You are very stealthy in the water. (Stealth+)
You are amphibious.
You can wear up to eight rings at the same time.
You can use your tentacles to constrict eight enemies at once.
Your skin changes colour to match your surroundings (Stealth+).
Your rubbery body absorbs attacks. (AC +1, EV +1)


Message History

You squeeze the polar bear, but do no damage.
The polar bear is almost dead.
The blink frog hits you but does no damage.
The polar bear completely misses you. The polar bear claws you.
* * * LOW HITPOINT WARNING * * *
The polar bear misses you. The blink frog closely misses you.
You closely miss the polar bear.
The polar bear is almost dead.
You block the blink frog's attack. The polar bear bites you!
* * * LOW HITPOINT WARNING * * *
The polar bear completely misses you.
The polar bear claws you but does no damage.
The blink frog hits you!
* * * LOW HITPOINT WARNING * * *
The blink frog blinks!
The blink frog completely misses you. The polar bear completely misses you.
The polar bear barely misses you. The polar bear misses you.
You are confused.
You feel invigorated. The polar bear bites you!!
You die...

#.. #.. #.# ### #..
#.###.# ##..... ###
#..#..# ##P#####
######..##..
#..F@F.###P.........#
#>#.#h>...........#.#
#..###########.#..P.#
#..# ###..P..P..
#..### #..........
#..#.######.P.#.#.###
##...##...##....####
# #....<........P.#
##.....#..##.#..# #


You could see a polar bear (berserk, very poisoned) and 2 blink frogs.

Vanquished Creatures
  3 hydras
  2 deep elf magi (D:10)
  An oklob plant (Lair:3)
  A centaur zombie (D:10)
  3 black mambas
  3 elephants
  2 torpor snails
  3 cane toads
  A gargoyle (D:10)
  2 rime drakes
  5 komodo dragons
  2 trolls
  A hornet (D:9)
  3 blink frogs (Lair:3)
  29 yaks
  A wraith (D:11)
  A water elemental (D:11)
  A wyvern (Lair:4)
  3 basilisks
  A vampire mosquito (Lair:4)
  16 water moccasins
  A swamp drake (D:10)
  Duvessa (D:7)
  A black bear (D:6)
  4 orc warriors
  2 sky beasts
  10 wolves
  6 ogres
  4 phantoms
  6 centaurs
  4 big kobolds
  18 bullfrogs
  Dowan (D:7)
  A water moccasin skeleton (D:6)
  4 scorpions
  10 killer bees
  16 wights
  A howler monkey (D:5)
  3 electric eels
  A crimson imp (D:10)
  A bullfrog zombie (D:8)
  3 hounds
  2 quasits
  4 jellies
  8 orc priests
  2 bullfrog skeletons
  An iron imp (D:10)
  7 orc wizards
  A centaur skeleton (D:10)
  Natasha (thrice) (D:3)
  2 iguanas
  10 worker ants
  2 killer bee zombies
  A hound zombie (D:10)
  3 hound skeletons
  2 worker ant zombies
  A howler monkey zombie (D:8)
  17 adders
  A shadow imp (D:10)
  3 white imps
  An ufetubus (D:6)
  2 oozes
  3 adder skeletons
  3 worms
  A dart slug (D:3)
  6 leopard geckos
  35 orcs
  7 ball pythons
  8 bats
  A giant cockroach (D:2)
  13 goblins
  2 hobgoblins
  19 jackals
  7 quokkas
  A frilled lizard (D:2)
  A giant cockroach zombie (D:6)
  28 kobolds
  A leopard gecko skeleton (D:7)
  A leopard gecko zombie (D:8)
  6 rats
398 creatures vanquished.

Vanquished Creatures (collateral kills)
  3 vampire mosquitoes (Lair:4)
3 creatures vanquished.

Vanquished Creatures (others)
  An orc wizard (D:10)
  32 fungi
  46 plants
79 creatures vanquished.

Grand Total: 480 creatures vanquished

Notes
Turn   | Place    | Note
-------+----------+-------------------------------------------
     0 | D:5      | Phaedo the Octopode Delver began the quest for the Orb.
     0 | D:5      | Reached XP level 1. HP: 16/16 MP: 1/1
    21 | D:5      | Noticed a howler monkey
    29 | D:5      | Noticed a phantom
    29 | D:5      | Noticed a jelly
    39 | D:5      | Found a shimmering blue altar of Sif Muna.
    55 | D:5      | Became a worshipper of Sif Muna the Loreminder
   129 | D:5      | Reached XP level 2. HP: 21/21 MP: 2/2
   347 | D:2      | Found a bloodstained altar of Trog.
   858 | D:1      | Reached XP level 3. HP: 25/26 MP: 3/3
  1533 | D:2      | You fall into a shaft and drop 2 floors!
  1884 | D:3      | Found a blossoming altar of Fedhas.
  1954 | D:3      | Reached XP level 4. HP: 31/31 MP: 4/4
  1989 | D:3      | Noticed Natasha
  1995 | D:3      | Reached * piety under Sif Muna
  2003 | D:3      | Killed Natasha
  2004 | D:3      | Reached skill level 3 in Polearms
  2672 | D:3      | Noticed an ogre
  2751 | D:3      | HP: 1/31 [ogre/+0 giant club (9)]
  2754 | D:3      | Killed an ogre
  2755 | D:3      | Reached XP level 5. HP: 2/36 MP: 5/5
  3612 | D:4      | Noticed an ogre
  3621 | D:4      | Killed an ogre
  3622 | D:4      | Reached XP level 6. HP: 42/42 MP: 6/6
  3653 | D:4      | Found a snail-covered altar of Cheibriados.
  3676 | D:4      | Reached skill level 4 in Polearms
  3814 | D:4      | Noticed a phantom
  3888 | D:4      | Reached XP level 7. HP: 40/46 MP: 7/7
  3983 | D:4      | Found a sacrificial altar of Ru.
  4372 | D:4      | Reached ** piety under Sif Muna
  4846 | D:5      | Reached skill level 5 in Dodging
  4856 | D:5      | Reached skill level 5 in Polearms
  5710 | D:3      | Noticed Natasha
  5719 | D:3      | Killed Natasha
  6159 | D:3      | Noticed Natasha
  7008 | D:3      | Killed Natasha
  7009 | D:3      | Reached XP level 8. HP: 52/52 MP: 8/8
  7104 | D:3      | Found a blossoming altar of Fedhas.
  7671 | D:6      | Reached skill level 1 in Shields
  7842 | D:6      | Found a bloodstained altar of Trog.
  7884 | D:6      | Reached skill level 10 in Stealth
  8776 | D:6      | Reached skill level 6 in Polearms
  9073 | D:6      | Reached XP level 9. HP: 56/56 MP: 9/9
  9423 | D:7      | Found Kakhlig's Armour Shoppe.
  9436 | D:7      | Bought a +1 buckler of reflection for 189 gold pieces
  9568 | D:7      | Found a flagged portal.
  9625 | Bailey   | Entered a bailey
  9898 | D:7      | Noticed Duvessa
  9903 | D:7      | Noticed Dowan
  9916 | D:7      | Killed Duvessa
  9916 | D:7      | Reached *** piety under Sif Muna
 10038 | D:7      | Killed Dowan
 10176 | D:7      | Found a shimmering altar of Xom.
 10222 | D:7      | Reached skill level 7 in Polearms
 10390 | D:7      | Found a staircase to the Ecumenical Temple.
 10858 | D:8      | Found a staircase to the Lair.
 10858 | D:8      | Noticed a komodo dragon
 11345 | D:8      | Reached skill level 8 in Polearms
 11345 | D:8      | Reached XP level 10. HP: 63/63 MP: 10/10
 11644 | D:8      | Reached **** piety under Sif Muna
 12294 | D:9      | Found a runed translucent gate.
 12295 | D:9      | Found a runed translucent gate.
 12296 | D:9      | Found a runed translucent gate.
 12299 | D:9      | Noticed KamiKatze's ghost (novice MfIE)
 12300 | D:9      | Noticed a kobold demonologist
 12647 | D:9      | Reached skill level 9 in Polearms
 12685 | D:9      | Reached skill level 5 in Fighting
 13010 | D:9      | Paralysed by a hornet for 3 turns
 13523 | D:9      | Got a bound platinum ring
 14278 | D:10     | Entered Level 10 of the Dungeon
 14755 | D:10     | Reached skill level 10 in Polearms
 14905 | D:10     | Noticed a deep elf mage
 14910 | D:10     | Killed a deep elf mage
 14911 | D:10     | Reached XP level 11. HP: 71/72 MP: 11/11
 14917 | D:10     | Noticed a deep elf mage
 14930 | D:10     | Killed a deep elf mage
 14933 | D:10     | Got an ancient hat
 14937 | D:10     | Identified the +1 hat of Refuge {rN++} (You found it on
                  | level 10 of the Dungeon)
 15006 | D:10     | Identified the +1 ring mail of Xom's Generosity {Dex+3}
 15079 | D:10     | Reached ***** piety under Sif Muna
 15505 | D:10     | Identified Sif Muna's Guide on Clay and Toxins (Sif Muna
                  | gifted it to you on level 10 of the Dungeon)
 15505 | D:10     | Received a gift from Sif Muna
 16354 | D:10     | Reached skill level 11 in Polearms
 17191 | D:11     | Identified the cursed ring "Tymaj" {AC-4 Str+5} (You found
                  | it on level 9 of the Dungeon)
 18259 | D:11     | Found a runed translucent gate.
 18259 | D:11     | Found a runed translucent gate.
 18262 | D:11     | Found a runed translucent gate.
 18266 | D:11     | Noticed a minotaur
 18276 | D:11     | Noticed Paulthewizard's ghost (journeyman TeCj)
 18930 | Lair:1   | Entered Level 1 of the Lair of Beasts
 18943 | Lair:1   | Noticed a seven-headed hydra
 19161 | Lair:1   | Killed a seven-headed hydra
 19162 | Lair:1   | Reached skill level 10 in Dodging
 19169 | Lair:1   | Reached skill level 12 in Polearms
 19178 | Lair:1   | Reached XP level 12. HP: 44/81 MP: 12/12
 19631 | Lair:1   | Got a coiled pewter amulet
 19632 | Lair:1   | Identified the amulet of Secrets {Spirit rPois rF+ Will-
                  | MP+9} (You found it on level 1 of the Lair of Beasts)
 20280 | Lair:2   | Noticed a four-headed hydra
 20296 | Lair:2   | Killed a four-headed hydra
 22306 | Lair:3   | Reached skill level 1 in Evocations
 22585 | Lair:3   | Noticed a six-headed hydra
 22597 | Lair:3   | Killed a six-headed hydra
 22610 | Lair:3   | Reached skill level 13 in Polearms
 23898 | Lair:4   | Noticed a four-headed hydra
 24108 | Lair:4   | Found a staircase to the Snake Pit.
 24176 | Lair:4   | Identified Sif Muna's Incunabulum of Execration and the
                  | Compass (Sif Muna gifted it to you on level 4 of the Lair
                  | of Beasts)
 24176 | Lair:4   | Received a gift from Sif Muna
 24448 | Lair:4   | Reached XP level 13. HP: 90/90 MP: 13/13
 25184 | Lair:4   | Found a staircase to the Swamp.
 25678 | Lair:6   | Entered Level 6 of the Lair of Beasts
 26241 | Lair:4   | Mangled by a polar bear

Illustrated notes

Levels and vault maps discovered:
D:1:      mushboom_english_gardens, layout_rooms
D:2:      layout_loops_corners, trog_three_pillars_becter
D:3:      layout_loops_corners, fedhas_altar_3, uniq_natasha
D:4:      layout_basic, marbit_many_paths, cheibriados_altar_1, serial_aquarium,
          aquarium_bridge_straight [aquarium_subvault_bridge,
          aquarium_subvault_balcony, aquarium_subvault_bridge,
          aquarium_subvault_wall], aquarium_window_1, aquarium_window_2,
          aquarium_window_corner, aquarium_view_4, aquarium_view_2f,
          aquarium_balcony_3b
D:5:      layout_cave_pools, lemuel_crystal_altar
D:6:      layout_loops_corners, lemuel_crystal_altar
D:7:      layout_rooms, xom_butterflies, temple_doors_e, enter_bailey_3,
          serial_shops, nicolae_shop_waterfront, uniq_duvessa
D:8:      layout_cave_pools, david_lair_shrubbed
D:9:      layout_loops_ring, gammafunk_ghost_nasty_kobolds
D:10:     layout_irregular_city, grunt_ministairs_3, hangedman_minor_magic
D:11:     layout_basic, maelrawn_ghost_gauntlet_escape
Lair:1:   layout_regular_city, lemuel_fruit_fields, grunt_megastairs_2,
          infiniplex_staircase_pool
Lair:2:   layout_hall_layers, serial_bayou_pond_c, lemuel_fruit_tree
Lair:3:   layout_hall_layers, serial_bayou_shore_a, serial_bayou_shore_b,
          minmay_lair_oklob_chamber
Lair:4:   layout_loops_ring, minmay_swamp_entry_swarm,
          minmay_snake_entry_six_corridors
Lair:5:   layout_hall_layers, small_statue_intersection, st_stairs_9,
          serial_bayou_shore_b
Lair:6:   grunt_lair_end_beastmaster, layout_regular_city, slime_altar_1,
          serial_bayou_pond_a

Skill      XL: |  1  2  3  4  5  6  7  8  9 10 11 12 13 |
---------------+----------------------------------------+-----
Stealth        | 7 8 9 10 12 | 12.0
Polearms       | 3 4 5 6 8 10 12 13 | 13.7
Dodging        | 3 4 5 6 7 9 10 11 | 11.2
Shields        | 4 |  4.0
Fighting       | 5 7 9 |  9.3
Evocations     | 3 4 |  4.3

Action                   |  1- 3 |  4- 6 |  7- 9 | 10-12 | 13-15 || total
-------------------------+-------+-------+-------+-------+-------++-------
Melee: Spear             |    63 |    68 |   414 |       |       ||   545
       Tentacles         |     6 |    15 |    75 |   167 |    26 ||   289
       Constrict         |     9 |     9 |    60 |   106 |     3 ||   187
       Trident           |       |       |    58 |   905 |    97 ||  1060
 Fire: Hunting sling     |     4 |    43 |    87 |     3 |       ||   137
Throw: Stone             |    11 |       |     3 |       |       ||    14
       Dart              |       |       |    14 |   169 |    24 ||   207
Evoke: Wand              |       |       |       |    12 |     7 ||    19
       Condenser vane    |       |       |       |     1 |       ||     1
  Use: Scroll            |       |       |    17 |    16 |     3 ||    36
       Potion            |       |       |     1 |     4 |     2 ||     7
 Stab: Sleeping          |    15 |     7 |    29 |    39 |       ||    90
       Distracted        |     1 |       |     2 |     6 |       ||     9
Armor: Skin              |     1 |     3 |    25 |    10 |     7 ||    46
Dodge: Dodged            |    23 |    39 |   295 |   504 |   113 ||   974
Block: Buckler           |       |       |    71 |   159 |    28 ||   258
       Reflection        |       |       |     1 |     5 |       ||     6
